NWL (28 & UNDER)
CULVER CITY EXTRAS @ MOOSE JAW GHOSTBUSTERS
08/31/2026
 
TOP OF THE 1ST
Culver City Extras batting - Pitching for Moose Jaw Ghostbusters : RHP Aaron Green
Pitching: RHP Aaron Green
Batting: RHB Walton Smith 0-0: Called Strike
0-1: Ball
1-1: Ball
2-1: DOUBLE (Line Drive, 7LM)
Batting: LHB Nick English 0-0: Swinging Strike
0-1: Ground out 3-1 (Groundball, 34S)
Walton Smith to third
Batting: LHB Edmund Ross 0-0: Ball
1-0: Swinging Strike
1-1: 2-RUN HOME RUN (Flyball, 9LD), Distance : 312 ft
Batting: RHB Max Alexander 0-0: Ball
1-0: Called Strike
1-1: Foul Ball, location: 2F
1-2: Ball
2-2: Ball
3-2: Foul Ball, location: 2F
3-2: Ground out 6-3 (Groundball, 6)
Batting: RHB Quincy Vance 0-0: Fly out, F9 (Flyball, 9S)
Top of the 1st over - 2 run(s), 2 hit(s), 0 error(s), 0 left on base; Culver City 2 - Moose Jaw 0
BOTTOM OF THE 1ST
Moose Jaw Ghostbusters batting - Pitching for Culver City Extras : RHP Ryan Balloun
Pitching: RHP Ryan Balloun
Batting: RHB Manuel Pérez 0-0: Ball
1-0: Ball
2-0: Ball
3-0: Called Strike
3-1: Ground out 6-3 (Groundball, 6)
Batting: LHB Will Vale 0-0: Ball
1-0: Ball
2-0: Called Strike
2-1: Foul Ball, location: 2F
2-2: Foul Ball, location: 2F
2-2: Ball
3-2: Base on Balls
Batting: RHB John Major 0-0: Called Strike
0-1: Fly out, F9 (Flyball, 9M)
Batting: RHB Paco Hernández 0-0: Ground out 5-3 (Groundball, 15S)
Bottom of the 1st over - 0 run(s), 0 hit(s), 0 error(s), 1 left on base; Culver City 2 - Moose Jaw 0
TOP OF THE 2ND
Culver City Extras batting - Pitching for Moose Jaw Ghostbusters : RHP Aaron Green
Batting: RHB Horace Johnson 0-0: Called Strike
0-1: Ball
1-1: Ground out 6-3 (Groundball, 6)
Batting: RHB Artie Pennington 0-0: Called Strike
0-1: Ball
1-1: Called Strike
1-2: Foul Ball, location: 2F
1-2: Foul Ball, location: 2F
1-2: Foul Ball, location: 2F
1-2: SINGLE (Flyball, 8LS)
Batting: RHB Bob Magee 0-0: Ball
Artie Pennington steals 2nd base
1-0: Fly out, F5 (Line Drive, 5S)
Batting: LHB Brian Ford 0-0: Ball
1-0: Ball
2-0: Ball
3-0: Called Strike
3-1: Called Strike
3-2: Ground out 4-3 (Groundball, 4M)
Top of the 2nd over - 0 run(s), 1 hit(s), 0 error(s), 1 left on base; Culver City 2 - Moose Jaw 0
BOTTOM OF THE 2ND
Moose Jaw Ghostbusters batting - Pitching for Culver City Extras : RHP Ryan Balloun
Batting: LHB John Christopher 0-0: Ball
1-0: Foul Ball, location: 2F
1-1: Called Strike
1-2: Reached on error, E4 (Groundball, 4)
Batting: RHB Luis Miguel Sánchez 0-0: Ball
1-0: Ball
2-0: Called Strike
2-1: SINGLE (Line Drive, 78S)
John Christopher to second
Batting: RHB Don Turner 0-0: Called Strike
0-1: Swinging Strike
0-2: Ball
1-2: TRIPLE (Line Drive, 9D)
John Christopher scores
Luis Miguel Sánchez scores
Batting: RHB Juan Vázquez 0-0: Called Strike
0-1: Ball
1-1: Called Strike
1-2: Ball
2-2: SINGLE (Line Drive, 78S)
Don Turner scores
Batting: LHB John Robbins 0-0: Fly out, F8 (Flyball, 78M)
Batting: RHB Manuel Pérez 0-0: Ball
1-0: Foul Ball, location: 2F
1-1: Ball
2-1: Swinging Strike
2-2: Foul Ball, location: 2F
2-2: Foul Ball, location: 2F
2-2: Ball
Passed Ball!
Juan Vázquez to second
3-2: Foul Ball, location: 2F
3-2: Fly out, F8 (Flyball, 78M)
Batting: LHB Will Vale 0-0: Ball
1-0: Ball
2-0: Fly out, F7 (Flyball, 7M)
Bottom of the 2nd over - 3 run(s), 3 hit(s), 1 error(s), 1 left on base; Culver City 2 - Moose Jaw 3
TOP OF THE 3RD
Culver City Extras batting - Pitching for Moose Jaw Ghostbusters : RHP Aaron Green
Batting: RHB Walton Smith 0-0: Called Strike
0-1: Called Strike
0-2: Ball
1-2: Ball
2-2: SINGLE (Groundball, 6MD)
Batting: LHB Nick English 0-0: Called Strike
0-1: Ball
1-1: Grounds into double play, 4-6-3 (Groundball, 4)
Batting: LHB Edmund Ross 0-0: Ball
1-0: Swinging Strike
1-1: TRIPLE (Groundball, 3D)
Batting: RHB Max Alexander 0-0: Ball
1-0: Fly out, F8 (Flyball, 8LM)
Top of the 3rd over - 0 run(s), 2 hit(s), 0 error(s), 1 left on base; Culver City 2 - Moose Jaw 3
BOTTOM OF THE 3RD
Moose Jaw Ghostbusters batting - Pitching for Culver City Extras : RHP Ryan Balloun
Batting: RHB John Major 0-0: Ball
1-0: Ball
2-0: Ball
3-0: Base on Balls
Batting: RHB Paco Hernández 0-0: Foul Ball, location: 2F
0-1: Ball
1-1: Ball
Error on foul ball, E3
2-2: Foul Ball, location: 2F
2-2: Foul Ball, location: 2F
2-2: Foul Ball, location: 2F
2-2: Foul Ball, location: 2F
2-2: 2-RUN HOME RUN (Flyball, 7D), Distance : 383 ft
Batting: LHB John Christopher 0-0: DOUBLE (Flyball, 7LS)
Batting: RHB Luis Miguel Sánchez 0-0: Ball
1-0: Foul Ball, location: 2F
1-1: Foul Ball, location: 2F
Single, Error in OF, E7, batter to second base
John Christopher scores
Batting: RHB Don Turner 0-0: Ball
1-0: Fly out, F3 (Popup, 3SF)
Batting: RHB Juan Vázquez 0-0: Foul Ball, location: 2F
0-1: Ball
1-1: Ball
2-1: DOUBLE (Line Drive, 5)
Luis Miguel Sánchez scores
Batting: LHB John Robbins 0-0: Ball
1-0: Foul Ball, location: 2F
1-1: Ball
2-1: Ground out 3-1 (Groundball, 3L)
Juan Vázquez to third
Batting: RHB Manuel Pérez 0-0: Ball
1-0: Ball
2-0: Ball
3-0: Called Strike
3-1: Foul Ball, location: 2F
3-2: Foul Ball, location: 2F
3-2: Foul Ball, location: 2F
3-2: Foul Ball, location: 2F
3-2: Fly out, F9 (Flyball, 9M)
Bottom of the 3rd over - 4 run(s), 4 hit(s), 2 error(s), 1 left on base; Culver City 2 - Moose Jaw 7
TOP OF THE 4TH
Culver City Extras batting - Pitching for Moose Jaw Ghostbusters : RHP Aaron Green
Batting: RHB Quincy Vance 0-0: Called Strike
0-1: Fly out, F9 (Flyball, 9M)
Batting: RHB Horace Johnson 0-0: Fly out, F8 (Flyball, 8LM)
Batting: RHB Artie Pennington 0-0: Called Strike
0-1: Foul Ball, location: 2F
0-2: Ball
1-2: Ball
2-2: Ball
3-2: Strikes out looking
Top of the 4th over - 0 run(s), 0 hit(s), 0 error(s), 0 left on base; Culver City 2 - Moose Jaw 7
BOTTOM OF THE 4TH
Moose Jaw Ghostbusters batting - Pitching for Culver City Extras : RHP Ryan Balloun
Pitching: LHP Jesús Morán
Batting: LHB Will Vale 0-0: Ground out 3-1 (Groundball, 34)
Batting: RHB John Major 0-0: SOLO HOME RUN (Flyball, 7D), Distance : 370 ft
Batting: RHB Paco Hernández 0-0: Called Strike
0-1: Foul Ball, location: 2F
0-2: Ball
1-2: Ball
2-2: Ball
3-2: Foul Ball, location: 2F
3-2: Foul Ball, location: 2F
3-2: Base on Balls
Batting: LHB John Christopher 0-0: Ball
1-0: Foul Ball, location: 2F
1-1: Foul Ball, location: 2F
1-2: Fielders Choice at 2nd, 6-4 (Groundball, 6)
Batting: RHB Luis Miguel Sánchez 0-0: Ball
1-0: Ball
2-0: Called Strike
2-1: Foul Ball, location: 2F
2-2: Strikes out looking
Bottom of the 4th over - 1 run(s), 1 hit(s), 0 error(s), 1 left on base; Culver City 2 - Moose Jaw 8
TOP OF THE 5TH
Culver City Extras batting - Pitching for Moose Jaw Ghostbusters : RHP Aaron Green
Batting: RHB Bob Magee 0-0: Called Strike
0-1: Ball
1-1: SINGLE (Groundball, 13) (infield hit)
Batting: LHB Brian Ford 0-0: Called Strike
0-1: Ball
1-1: Foul Ball, location: 2F
1-2: Strikes out looking
Batting: RHB Walton Smith 0-0: Grounds into double play, 6-4-3 (Groundball, 6M)
Top of the 5th over - 0 run(s), 1 hit(s), 0 error(s), 0 left on base; Culver City 2 - Moose Jaw 8
BOTTOM OF THE 5TH
Moose Jaw Ghostbusters batting - Pitching for Culver City Extras : LHP Jesús Morán
Batting: RHB Don Turner 0-0: Ball
1-0: Ball
2-0: Called Strike
2-1: Foul Ball, location: 2F
2-2: Strikes out swinging
Batting: RHB Juan Vázquez 0-0: Ball
1-0: Ball
2-0: Ball
3-0: Base on Balls
Batting: LHB John Robbins 0-0: Ball
1-0: SINGLE (Groundball, 56D) (infield hit)
Juan Vázquez to second
Batting: RHB Manuel Pérez 0-0: Called Strike
0-1: SINGLE (Line Drive, 7LS)
Juan Vázquez to third
John Robbins to second
Runner from 3rd tries for Home, SAFE, no throw or cutoff
Batting: LHB Will Vale 0-0: Called Strike
John Robbins steals 3rd base
Manuel Pérez to second
0-1: Ball
1-1: SINGLE (Line Drive, 5D)
John Robbins scores
Manuel Pérez to third
Runner from 3rd tries for Home, SAFE, no throw or cutoff
Pitching: RHP Tyler Kirkland
Batting: RHB John Major 0-0: Called Strike
0-1: Fly out, F8 (Line Drive, 8LM)
Batting: RHB Paco Hernández 0-0: Ball
Will Vale is caught stealing 2nd base
Bottom of the 5th over - 3 run(s), 3 hit(s), 0 error(s), 0 left on base; Culver City 2 - Moose Jaw 11
TOP OF THE 6TH
Culver City Extras batting - Pitching for Moose Jaw Ghostbusters : RHP Aaron Green
Batting: LHB Nick English 0-0: Ground out U3 (Groundball, 3L)
Batting: LHB Edmund Ross 0-0: Foul Ball, location: 2F
0-1: Ball
1-1: Ball
2-1: Ball
3-1: Ground out 3-1 (Groundball, 34)
Batting: RHB Max Alexander 0-0: Ball
1-0: Called Strike
1-1: Fly out, F9 (Flyball, 89S)
Top of the 6th over - 0 run(s), 0 hit(s), 0 error(s), 0 left on base; Culver City 2 - Moose Jaw 11
BOTTOM OF THE 6TH
Moose Jaw Ghostbusters batting - Pitching for Culver City Extras : RHP Tyler Kirkland
Batting: RHB Paco Hernández 0-0: Ground out 6-3 (Groundball, 6)
Batting: LHB John Christopher 0-0: Called Strike
0-1: Foul Ball, location: 2F
0-2: Ball
1-2: Foul Ball, location: 2F
1-2: Strikes out swinging
Batting: RHB Luis Miguel Sánchez 0-0: Ball
1-0: Swinging Strike
1-1: Ball
2-1: Called Strike
2-2: DOUBLE (Line Drive, 8LXD)
Batting: RHB Don Turner 0-0: Called Strike
0-1: Called Strike
0-2: Strikes out swinging
Bottom of the 6th over - 0 run(s), 1 hit(s), 0 error(s), 1 left on base; Culver City 2 - Moose Jaw 11
TOP OF THE 7TH
Culver City Extras batting - Pitching for Moose Jaw Ghostbusters : RHP Aaron Green
Batting: RHB Quincy Vance 0-0: Called Strike
0-1: Ball
1-1: Ball
2-1: Ball
3-1: Base on Balls
Batting: RHB Horace Johnson 0-0: Called Strike
0-1: Called Strike
0-2: Strikes out looking
Batting: RHB Artie Pennington 0-0: Foul Ball, location: 2F
0-1: Called Strike
0-2: Ball
1-2: Ball
2-2: Ball
3-2: Base on Balls
Quincy Vance to second
Pitching: RHP Rod Walters
Batting: RHB Bob Magee 0-0: Ball
1-0: Ball
2-0: Foul Ball, location: 2F
2-1: Ball
3-1: Grounds into double play, 4-6-3 (Groundball, 34)
Top of the 7th over - 0 run(s), 0 hit(s), 0 error(s), 1 left on base; Culver City 2 - Moose Jaw 11
BOTTOM OF THE 7TH
Moose Jaw Ghostbusters batting - Pitching for Culver City Extras : RHP Tyler Kirkland
Batting: RHB Juan Vázquez 0-0: Swinging Strike
0-1: Ball
1-1: Ball
2-1: Ball
3-1: SINGLE (Line Drive, 5)
Batting: LHB John Robbins 0-0: Called Strike
0-1: Ball
1-1: Sac Bunt - play at first, batter OUT! 1-4
Juan Vázquez to second
Pitching: LHP Cliff Williams
Batting: RHB Manuel Pérez 0-0: SINGLE (Groundball, 5)
Juan Vázquez to third
Runner from 3rd tries for Home, SAFE, no throw or cutoff
Batting: LHB Will Vale 0-0: Called Strike
0-1: Foul Ball, location: 2F
0-2: Ball
1-2: Grounds into double play, 4-6-3 (Groundball, 4)
Bottom of the 7th over - 1 run(s), 2 hit(s), 0 error(s), 0 left on base; Culver City 2 - Moose Jaw 12
TOP OF THE 8TH
Culver City Extras batting - Pitching for Moose Jaw Ghostbusters : RHP Rod Walters
Now at 3B: Robert Carter
Pinch Hitting: RHB Tony Cruz 0-0: Called Strike
0-1: Called Strike
0-2: Strikes out swinging
Batting: RHB Walton Smith 0-0: Foul Ball, location: 2F
0-1: Ground out 5-3 (Groundball, 5L)
Batting: LHB Nick English 0-0: Ball
1-0: Swinging Strike
1-1: Ball
2-1: Ball
3-1: Base on Balls
Batting: LHB Edmund Ross 0-0: Ball
1-0: Called Strike
1-1: Fly out, F4 (Popup, 13)
Top of the 8th over - 0 run(s), 0 hit(s), 0 error(s), 1 left on base; Culver City 2 - Moose Jaw 12
BOTTOM OF THE 8TH
Moose Jaw Ghostbusters batting - Pitching for Culver City Extras : LHP Cliff Williams
Now at 2B: Jesús Gonzáles
Batting: RHB John Major 0-0: Called Strike
0-1: Called Strike
0-2: Strikes out swinging
Batting: RHB Paco Hernández 0-0: Called Strike
0-1: Foul Ball, location: 2F
0-2: Ball
1-2: SINGLE (Groundball, 6M)
Batting: LHB John Christopher 0-0: Foul Ball, location: 2F
0-1: Foul Ball, location: 2F
0-2: Foul Ball, location: 2F
0-2: Strikes out swinging
Batting: RHB Luis Miguel Sánchez 0-0: Ball
1-0: SINGLE (Groundball, 56D)
Paco Hernández to second
Batting: RHB Don Turner 0-0: SINGLE (Line Drive, 56D)
Paco Hernández to third
Luis Miguel Sánchez to second
Batting: RHB Juan Vázquez 0-0: Foul Ball, location: 2F
0-1: Foul Ball, location: 2F
0-2: Ball
1-2: Ball
2-2: Ball
3-2: Fly out, F3 (Popup, 34)
Bottom of the 8th over - 0 run(s), 3 hit(s), 0 error(s), 3 left on base; Culver City 2 - Moose Jaw 12
TOP OF THE 9TH
Culver City Extras batting - Pitching for Moose Jaw Ghostbusters : RHP Rod Walters
Batting: RHB Max Alexander 0-0: Ball
1-0: Called Strike
1-1: Ball
2-1: Foul Ball, location: 2F
2-2: Foul Ball, location: 2F
2-2: SINGLE (Flyball, 6MD)
Batting: RHB Quincy Vance 0-0: Swinging Strike
0-1: Foul Ball, location: 2F
0-2: Strikes out swinging
Batting: RHB Horace Johnson 0-0: Called Strike
0-1: Ball
1-1: Swinging Strike
1-2: Strikes out looking
Batting: RHB Artie Pennington 0-0: Called Strike
0-1: Ball
1-1: Ball
2-1: Swinging Strike
2-2: Ball
3-2: Strikes out swinging
Top of the 9th over - 0 run(s), 1 hit(s), 0 error(s), 1 left on base; Culver City 2 - Moose Jaw 12
Monday, December 5th, 2016 - OOTP Baseball 17.12 Build 75